 Dungeon Crawl Stone Soup version 0.23.1 (webtiles) character file.

Game seed: 6207772712645557543

201707 Hasart the Devastator (level 17, -6/88 HPs)
             Began as a Deep Elf Fire Elementalist on Mar 7, 2019.
             Was the Champion of Sif Muna.
             Shot with an arrow by a deep elf master archer (30 damage)
             ... on level 3 of the Elven Halls.
             The game lasted 02:14:41 (38633 turns).

Hasart the Devastator (Deep Elf Fire Elementalist) Turns: 38633, Time: 02:14:42

Health: -6/88      AC:  9    Str:  5    XL:     17   Next: 92%
Magic:  48/48      EV: 13    Int: 33    God:    Sif Muna [******]
Gold:   2633       SH:  4    Dex:  7    Spells: 16/48 levels left

rFire    + + .     SeeInvis +   R - +2 flail of Vycrenaj {flame, rPois rC++}
rCold    + + +     Gourm    .   i - +0 buckler
rNeg     + . .     Faith    .   U - +1 leather armour {rF+}
rPois    +         Spirit   .   S - +0 helmet
rElec    +         Reflect  .   V - +0 cloak of Meryuneu {rC+ rN+ Int+3 Dex-4}
rCorr    .         Harm     .   z - +0 pair of gloves
MR       ++++.                  r - +0 pair of boots
Stlth    +.........             b - amulet of magic regeneration
HPRegen  0.24/turn              M - ring of Ydghasunu {*Contam rC+ MP+9 Int+4}
MPRegen  0.56/turn              O - ring "Dyttia" {Fire rElec MR+++ Dex-2 SInv}

@: very slightly contaminated
A: clumsy 1, dopey 1, wild magic 2
}: 1/15 runes: decaying
a: Divine Energy, Channel Magic, Forget Spell, Renounce Religion


You were on level 3 of the Elven Halls.
You worshipped Sif Muna.
Sif Muna was exalted by your worship.
You were not hungry.

You visited 7 branches of the dungeon, and saw 32 of its levels.
You also visited: Sewer and Gauntlet.

You collected 2814 gold pieces.
You spent 181 gold pieces at shops.

Inventory:

Hand Weapons
 R - the +2 flail of Vycrenaj (weapon) {flame, rPois rC++}
   (You took it off a gnoll sergeant on level 13 of the Dungeon)

   It has been specially enchanted to burn those struck by it, causing extra
   injury to most foes and up to half again as much damage against particularly
   susceptible opponents.
   It greatly protects you from cold.
   It protects you from poison.
 Y - the +10 long sword of the Rat {slice, rF++ rC+ Str-3}
   (You found it on level 1 of the Swamp)

   It inflicts extra damage upon your enemies.
   It affects your strength (-3).
   It greatly protects you from fire.
   It protects you from cold.
Armour
 i - a +0 buckler (worn)
 r - a +0 pair of boots (worn)
 z - a +0 pair of gloves (worn)
 P - a +0 shield of reflection
 S - a +0 helmet (worn)
 U - a +1 leather armour of fire resistance (worn)
 V - the +0 cloak of Meryuneu (worn) {rC+ rN+ Int+3 Dex-4}
   (You found it on level 5 of the Lair of Beasts)

   It affects your intelligence (+3).
   It affects your dexterity (-4).
   It protects you from cold.
   It protects you from negative energy.
Jewellery
 a - an uncursed ring of protection from magic
 b - an amulet of magic regeneration (around neck)
 j - an uncursed ring of ice
 w - a +6 ring of evasion
 A - an uncursed ring of positive energy
 M - the ring of Ydghasunu (left hand) {*Contam rC+ MP+9 Int+4}
   (You found it on level 11 of the Dungeon)

   [ring of protection from cold]

   It affects your intelligence (+4).
   It protects you from cold.
   It affects your magic capacity (+9).
   It causes magical contamination when unequipped.
 O - the ring "Dyttia" (right hand) {Fire rElec MR+++ Dex-2 SInv}
   (You found it on level 6 of the Lair of Beasts)

   [ring of fire]

   It enhances your fire magic.
   It affects your dexterity (-2).
   It protects you from fire.
   It makes you vulnerable to cold.
   It insulates you from electricity.
   It affects your resistance to hostile enchantments.
   It lets you see invisible.
 Q - an uncursed ring of wizardry
Wands
 C - a wand of acid (23)
 I - a wand of digging (10)
 L - a wand of iceblast (59)
 T - a wand of scattershot (8)
 X - a wand of clouds (8)
Scrolls
 g - 14 scrolls of teleportation
 k - 12 scrolls of identify
 u - 9 scrolls of amnesia
 y - 4 scrolls of blinking
 B - 6 scrolls of enchant weapon
 D - 10 scrolls of remove curse
 G - 4 scrolls of enchant armour
 J - 2 scrolls of fear
 K - 3 scrolls of silence
 W - a scroll of magic mapping
Potions
 d - 3 potions of mutation
 e - a potion of magic
 f - 4 potions of invisibility
 l - 2 potions of resistance
 m - 8 potions of heal wounds {unknown}
 n - 2 potions of agility {unknown}
 o - 2 potions of curing {unknown}
 p - 3 potions of cancellation
 s - 11 potions of degeneration
 t - 7 potions of flight {unknown}
 v - 4 potions of lignification {unknown}
 x - 6 potions of brilliance {unknown}
 E - 4 potions of berserk rage {unknown}
 F - 6 potions of might {unknown}
 H - a potion of ambrosia {unknown}
 N - 5 potions of haste
Miscellaneous
 q - a fan of gales
Comestibles
 c - 25 rations


   Skills:
 - Level 4.0 Fighting
 - Level 6.0 Armour
 - Level 8.0 Dodging
 - Level 2.4 Stealth
 - Level 5.0 Shields
 + Level 16.2 Spellcasting
 * Level 18.7 Conjurations
 * Level 18.6 Fire Magic
 + Level 7.5 Earth Magic
 - Level 9.0 Invocations
 - Level 7.0 Evocations


You had 16 spell levels left.
You knew the following spells:

 Your Spells              Type           Power        Failure   Level  Hunger
a - Flame Tongue          Conj/Fire      #####        1%          1    None
b - Sticky Flame          Conj/Fire      ########     1%          4    None
c - Fireball              Conj/Fire      #########.   1%          5    None
d - Regeneration          Chrm/Necr      #####.....   16%         3    None
e - Fire Storm            Conj/Fire      #########.   87%         9    #######
f - Blink                 Tloc           N/A          10%         2    None
s - Iron Shot             Conj/Erth      ########..   5%          6    #......
u - Swiftness             Chrm/Air       #####...     10%         2    None

Your spell library contained the following spells:

 Spells                   Type           Power        Failure   Level  Hunger
 Magic Dart               Conj           ####         1%          1    None
 Shock                    Conj/Air       ####         1%          1    None
 Sting                    Conj/Pois      ####         1%          1    None
 Searing Ray              Conj           ######       1%          2    None
 Throw Flame              Conj/Fire      ######       1%          2    None
 Throw Frost              Conj/Ice       ######       1%          2    None
 Conjure Flame            Conj/Fire      ########     1%          3    None
 Dazzling Spray           Conj/Hex       ######       1%          3    None
 Inner Flame              Hex/Fire       ########     1%          3    None
 Static Discharge         Conj/Air       #######.     1%          3    None
 Stone Arrow              Conj/Erth      ######       1%          3    None
 Iskenderun's Mystic Bla  Conj           ########     1%          4    None
 Bolt of Magma            Conj/Fire/Erth ########..   1%          5    None
 Bolt of Fire             Conj/Fire      #########.   1%          6    #......
 Ignite Poison            Fire/Tmut/Pois ########     2%          3    None
 Mephitic Cloud           Conj/Pois/Air  #######.     2%          3    None
 Force Lance              Conj/Tloc      #######.     2%          4    None
 Fulminant Prism          Conj/Hex       #######...   2%          4    None
 Throw Icicle             Conj/Ice       #######.     2%          4    None
 Passwall                 Tmut/Erth      ######..     3%          2    None
 Orb of Destruction       Conj           ########..   3%          7    ####...
 Bolt of Draining         Conj/Necr      #######...   4%          5    None
 Iskenderun's Battlesphe  Conj/Chrm      #######.     4%          5    None
 Lightning Bolt           Conj/Air       #######...   4%          5    None
 Venom Bolt               Conj/Pois      #######...   4%          5    None
 Apportation              Tloc           #####.       7%          1    None
 Beastly Appendage        Tmut           #####.       7%          1    None
 Corona                   Hex            #####..      7%          1    None
 Freeze                   Ice            ####         7%          1    None
 Infusion                 Chrm           ####         7%          1    None
 Summon Butterflies       Summ           #####...     7%          1    None
 Lee's Rapid Deconstruct  Erth           #######...   9%          5    None
 Call Imp                 Summ           #####...     10%         2    None
 Ensorcelled Hibernation  Hex/Ice        #####.       10%         2    None
 Poisonous Vapours        Pois/Air       #####.       10%         2    None
 Shroud of Golubria       Chrm/Tloc      #####.....   10%         2    None
 Slow                     Hex            #####...     10%         2    None
 Song of Slaying          Chrm           #####...     10%         2    None
 Sticks to Snakes         Tmut           #####...     10%         2    None
 Leda's Liquefaction      Hex/Erth       ######....   12%         4    None
 Confuse                  Hex            #####...     16%         3    None
 Lesser Beckoning         Tloc           #####.....   16%         3    None
 Ozocubu's Armour         Chrm/Ice       #####...     16%         3    None
 Spectral Weapon          Hex/Chrm       #####...     16%         3    None
 Spider Form              Tmut/Pois      #####.....   16%         3    None
 Summon Guardian Golem    Hex/Summ       #####...     16%         3    None
 Teleport Other           Tloc           #####...     16%         3    None
 Tukima's Dance           Hex            #####...     16%         3    None
 Bolt of Cold             Conj/Ice       #######...   17%         6    #......
 Conjure Ball Lightning   Conj/Air       #######...   17%         6    #......
 Poison Arrow             Conj/Pois      #######...   17%         6    #......
 Airstrike                Air            #####.....   41%         4    None
 Cause Fear               Hex            #####.....   41%         4    None
 Ice Form                 Ice/Tmut       #####...     41%         4    None
 Passage of Golubria      Tloc           N/A          41%         4    None
 Summon Ice Beast         Ice/Summ       #####...     41%         4    None
 Summon Lightning Spire   Summ/Air       #####...     41%         4    None
 Freezing Cloud           Conj/Ice/Air   #######...   45%         6    #......
 Ring of Flames           Chrm/Fire      ########..   58%         7    ####...
 Spellforged Servitor     Conj/Summ      #######...   58%         7    ####...
 Alistair's Intoxication  Tmut/Pois      #####...     71%         5    None
 Blade Hands              Tmut           #####.....   71%         5    None
 Metabolic Englaciation   Hex/Ice        #####.....   71%         5    None
 Silence                  Hex/Air        #####.....   71%         5    None
 Yara's Violent Unravell  Hex/Tmut       #####.....   71%         5    None
 Lehudib's Crystal Spear  Conj/Erth      ########..   73%         8    ######.
 Statue Form              Tmut/Erth      ######...    75%         6    #......
 Darkness                 Hex            #####.....   99%         6    #......
 Deflect Missiles         Chrm/Air       #####.....   99%         6    #......
 Dispersal                Tloc           #####.....   99%         6    #......
 Invisibility             Hex            #####...     99%         6    #......
 Chain Lightning          Conj/Air       #######...   99%         8    ######.
 Controlled Blink         Tloc           N/A          100%        8    ######.
 Discord                  Hex            #####.....   100%        8    ######.
 Shatter                  Erth           #######...   100%        9    #######
 Tornado                  Air            #####.....   100%        9    #######


Dungeon Overview and Level Annotations

Branches:
Dungeon (15/15)            Temple (1/1) D:4            Lair (6/6) D:10
  Swamp (4/4) Lair:3        Snake (0/4) Lair:4        Slime (0/5) Lair:6
    Orc (2/2) D:10            Elf (3/3) Orc:2        Vaults (0/5) D:14
 Depths (1/5) D:15

Altars:
Ashenzari
Cheibriados
Dithmenos
Elyvilon
Fedhas
Hepliaklqana
Kikubaaqudgha
Makhleb
Okawaru
Qazlal
Sif Muna
Trog
Uskayaw
Vehumet
Xom
Yredelemnul
The Shining One
Beogh
Jiyva

Shops:
D:8 *   Orc:2 (:?*   Elf:1 ?

Portals:
Hell: Lair:6
Trove: Elf:2 (give +4 shadow dragon scales)

Annotations:
Lair:2 1 runed translucent door, nikopol's ghost, journeyman DEFE
Orc:1 2 runed translucent doors, exclusion: orange crystal statue
Elf:2 3 runed translucent doors
Elf:3 3 runed translucent doors, EtherCrawl's ghost, veteran GnEn; Kenran's ghost, adept MiFi; bananaglory's ghost, adept MfSk; vishdafish's ghost, adept GnFi; vladvlad's ghost, journeyman DrSu
Depths:1 Bai Suzhen


Innate Abilities, Weirdness & Mutations

You are clumsy. (Dex -2)
You are dopey. (Int -2)
Your spells are harder to cast, but more powerful.


Message History

Sif Muna accepts your kill.
The deep elf archer shouts!
You hear a shout! x8
The deep elf master archer wields a +0 longbow.
The deep elf master archer shoots an arrow.
The arrow hits you!
The deep elf archer unwields a +0 dagger.
The deep elf archer wields a +0 shortbow.
The deep elf archer shoots an arrow.
The arrow hits you!!
Blink to where?
Press: ? - help, Dir - move target cursor You are very lightly contaminated with residual magic.
As you read the scroll of blinking, it crumbles to dust.
You start resting.
The deep elf master archer is too close now for your liking.
The deep elf master archer shoots an arrow.
The arrow hits you!!
* * * LOW HITPOINT WARNING * * *
The deep elf master archer shoots an arrow.
The arrow hits you!!
You die...

#)# #.# #.# #)#
#.# #.# #e#
#e#####
#.@...###
###.....###
###.........###
#.............#
#.............#
#........(....#
#.............#
#.............#
+.............#


You could see a deep elf master archer and a deep elf archer.

Vanquished Creatures
  Jorgrun (Swamp:2)
  A deep elf blademaster (Elf:3)
  Rupert (Orc:2)
  3 thorn hunters
  Donald (Elf:1)
  Agnes (Elf:1)
  3 deep elf sorcerers
  Louise (Swamp:3)
  An orc warlord (Orc:2)
  A deep elf elementalist (Elf:3)
  2 deep elf demonologists
  A dire elephant (D:15)
  2 deep elf annihilators
  2 deep elf high priests
  3 ice dragons (Swamp:4)
  16 hydras
  2 great orbs of eyes
  8 centaur warriors
  5 two-headed ogres
  2 ghost crabs
  A shambling mangrove (Swamp:2)
  9 alligators
  7 dancing weapons
  A queen ant (Lair:2)
  4 death yaks
  3 tengu warriors (D:14)
  6 deep elf knights
  A sun demon (Lair:6)
  5 orc high priests (Orc:2)
  7 skeletal warriors
  An unseen horror (D:10)
  7 deep elf archers
  6 swamp dragons
  9 orc knights
  A wizard (Lair:6)
  36 deep elf magi
  A salamander (D:15)
  A manticore (D:15)
  4 oklob plants (Lair:5)
  2 cyclopes (D:15)
  7 centaur zombies
  3 orc sorcerers
  29 ugly things
  7 elephants
  2 torpor snails
  4 black mambas
  2 gargoyles
  3 orange demons (Lair:6)
  19 spiny frogs
  A kobold demonologist (D:15)
  An ice devil (Lair:6)
  5 freezing wraiths
  13 komodo dragons
  4 rime drakes
  A hellwing (Lair:6)
  18 trolls
  A meliai (shapeshifter) (D:13)
  2 red devils (Lair:6)
  7 hornets
  3 meliai (D:14)
  4 polar bears
  13 tyrant leeches
  32 blink frogs
  21 slime creatures
  10 bog bodies
  A centaur simulacrum (D:15)
  6 hippogriffs
  2 dream sheep (Lair:4)
  3 spriggans
  An air elemental (Elf:1)
  3 water elementals
  A shadow (Swamp:2)
  Eustachio (D:6)
  2 wyverns
  A wraith (D:11)
  A fire elemental (Elf:3)
  43 yaks
  2 basilisks
  9 vampire mosquitoes
  A hungry ghost (D:12)
  A swamp worm simulacrum (Swamp:4)
  2 steam dragons
  Edmund (D:6)
  6 insubstantial wisps
  2 acid dragons
  4 soldier ants (Lair:2)
  2 wargs (Orc:2)
  3 hell hounds (Lair:6)
  22 swamp worms
  2 nagas (Lair:4)
  11 water moccasins
  14 hydra simulacra (Swamp:4)
  5 porcupines
  2 black bears
  11 swamp drakes
  47 orc warriors
  6 sky beasts
  4 ice beasts
  4 phantoms
  An eye of draining (D:14)
  10 wolves
  13 ogres
  28 centaurs
  13 crocodiles
  2 big kobolds
  22 bullfrogs
  2 earth elementals (Elf:3)
  A gnoll sergeant (D:13)
  A wyvern zombie (D:8)
  3 scorpions
  A wyvern skeleton (D:7)
  9 killer bees
  20 wights
  5 electric eels
  3 howler monkeys
  9 crimson imps
  7 jellies
  3 bullfrog zombies
  6 centaur skeletons
  38 orc priests
  11 hounds
  32 worker ants
  21 orc wizards
  A killer bee zombie (D:7)
  A hound skeleton (D:9)
  2 worker ant zombies
  14 adders
  7 gnolls
  A river rat (D:6)
  11 shadow imps
  7 swamp drake simulacra (Swamp:4)
  11 oozes
  2 adder skeletons
  6 worms
  5 dart slugs
  9 leopard geckos
  102 orcs
  5 ball pythons
  14 bats
  9 giant cockroaches
  7 goblins
  2 hobgoblins
  13 jackals
  5 quokkas
  5 frilled lizards
  A jackal skeleton (D:5)
  11 kobolds
  A leopard gecko skeleton (D:4)
  A quokka zombie (D:6)
  8 rats
  2 fungi
  4 plants
1135 creatures vanquished.

Vanquished Creatures (others)
  An azure jelly (Swamp:4)
  58 bushes
  14 fungi
  15 plants
88 creatures vanquished.

Grand Total: 1223 creatures vanquished

Notes
Turn   | Place    | Note
-------+----------+-------------------------------------------
     0 | D:1      | Hasart the Deep Elf Fire Elementalist began the quest for
                  | the Orb.
     0 | D:1      | Reached XP level 1. HP: 10/10 MP: 6/6
   311 | D:1      | Reached XP level 2. HP: 15/15 MP: 5/8
   830 | D:2      | Reached XP level 3. HP: 17/19 MP: 6/9
   831 | D:2      | You fall through a shaft!
   939 | D:2      | Found a burning altar of Makhleb.
  1049 | D:2      | Found a hazy altar of Hepliaklqana.
  1555 | D:2      | Reached XP level 4. HP: 24/24 MP: 7/11
  1561 | D:2      | Learned a level 4 spell: Sticky Flame
  2773 | D:4      | Reached XP level 5. HP: 3/28 MP: 6/13
  3057 | D:4      | Learned a level 5 spell: Fireball
  3114 | D:4      | Found a staircase to the Ecumenical Temple.
  3126 | Temple   | Entered the Ecumenical Temple
  3153 | Temple   | Became a worshipper of Sif Muna the Loreminder
  3490 | D:5      | Entered Level 5 of the Dungeon
  3521 | D:5      | Noticed a centaur
  3521 | D:5      | Noticed a phantom
  3816 | D:5      | Noticed an ogre
  3821 | D:5      | Killed an ogre
  3836 | D:5      | Reached XP level 6. HP: 32/32 MP: 5/14
  3997 | D:5      | Reached skill level 5 in Spellcasting
  4293 | D:5      | Found a hide-covered altar of Uskayaw.
  4603 | D:5      | Reached skill level 5 in Conjurations
  4630 | D:5      | Reached * piety under Sif Muna
  4873 | D:6      | Noticed Edmund
  4883 | D:6      | Killed Edmund
  4883 | D:6      | Reached skill level 5 in Fire Magic
  4883 | D:6      | Reached XP level 7. HP: 25/36 MP: 9/16
  4901 | D:6      | Found a shadowy altar of Dithmenos.
  4936 | D:6      | Reached skill level 1 in Invocations
  4937 | D:6      | Reached skill level 1 in Evocations
  4982 | D:6      | Reached skill level 5 in Dodging
  5016 | D:6      | Reached XP level 8. HP: 21/41 MP: 13/18
  5126 | D:6      | Found a glowing drain.
  5140 | Sewer    | Entered a sewer
  6127 | D:6      | Reached ** piety under Sif Muna
  6395 | D:6      | Noticed Eustachio
  6404 | D:6      | Killed Eustachio
  7152 | D:7      | Reached XP level 9. HP: 23/45 MP: 12/21
  7637 | D:7      | Reached *** piety under Sif Muna
  7846 | D:7      | Learned a level 2 spell: Swiftness
  7851 | D:7      | Found a white marble altar of Elyvilon.
  8581 | D:8      | Noticed a two-headed ogre
  8592 | D:8      | Killed a two-headed ogre
  8592 | D:8      | Reached **** piety under Sif Muna
  8592 | D:8      | Reached XP level 10. HP: 24/50 MP: 16/23
  8795 | D:8      | Reached skill level 5 in Invocations
  9025 | D:8      | Reached skill level 5 in Evocations
  9309 | D:8      | Found Cimo's General Store.
  9648 | D:9      | Found a shattered altar of Ashenzari.
 10142 | D:9      | Found a snail-covered altar of Cheibriados.
 10192 | D:9      | Found an iron altar of Okawaru.
 10265 | D:9      | Reached skill level 10 in Conjurations
 10570 | D:10     | Entered Level 10 of the Dungeon
 10583 | D:10     | Reached skill level 10 in Fire Magic
 10664 | D:10     | Reached ***** piety under Sif Muna
 10695 | D:10     | Identified Sif Muna's Guide on Gliding Malediction (Sif
                  | Muna gifted it to you on level 10 of the Dungeon)
 10695 | D:10     | Received a gift from Sif Muna
 10752 | D:10     | Reached XP level 11. HP: 44/54 MP: 20/26
 10753 | D:10     | Noticed an unseen horror
 10755 | D:10     | Killed an unseen horror
 10931 | D:10     | Found a staircase to the Lair.
 10954 | D:10     | Found a staircase to the Orcish Mines.
 11816 | D:11     | Noticed a brown ugly thing
 11819 | D:11     | Killed a brown ugly thing
 11969 | D:11     | Got a shimmering iron ring
 11971 | D:11     | Identified the ring of Ydghasunu {*Contam rC+ MP+9 Int+4}
                  | (You found it on level 11 of the Dungeon)
 12019 | D:11     | Noticed a skeletal warrior
 12020 | D:11     | Noticed a skeletal warrior
 12020 | D:11     | Noticed a skeletal warrior
 12022 | D:11     | Noticed a skeletal warrior
 12024 | D:11     | Killed a skeletal warrior
 12045 | D:10     | Killed a skeletal warrior
 12045 | D:10     | Reached skill level 1 in Fighting
 12193 | D:11     | Noticed a two-headed ogre
 12291 | D:10     | Killed a skeletal warrior
 12291 | D:10     | Reached skill level 10 in Spellcasting
 12338 | D:11     | Killed a skeletal warrior
 12655 | D:11     | Killed a two-headed ogre
 12720 | D:11     | Noticed a green ugly thing
 12725 | D:11     | Killed a green ugly thing
 13074 | D:12     | Reached XP level 12. HP: 43/62 MP: 28/28
 13328 | D:12     | Found a gate leading to a gauntlet.
 13339 | Gauntlet | Entered a Gauntlet
 13339 | Gauntlet | Found a transporter.
 13339 | Gauntlet | Found a runed translucent door.
 13339 | Gauntlet | Found a transporter.
 13339 | Gauntlet | Noticed a catoblepas
 13361 | Gauntlet | Found a runed translucent door.
 13362 | Gauntlet | Found a transporter.
 13362 | Gauntlet | Found a transporter.
 13366 | Gauntlet | Found a transporter.
 13366 | Gauntlet | Found a transporter.
 13395 | Gauntlet | Found a transporter.
 13399 | Gauntlet | Found a transporter.
 13406 | Gauntlet | Noticed a balrug
 13410 | Gauntlet | Found a transporter.
 13420 | Gauntlet | Noticed a death yak
 13420 | Gauntlet | Noticed a death yak
 13421 | Gauntlet | Noticed a death yak
 13422 | Gauntlet | Noticed a death yak
 13423 | Gauntlet | Found a transporter.
 13423 | Gauntlet | Noticed a death yak
 13495 | D:12     | Identified Sif Muna's Grimoire of Conjuration (Sif Muna
                  | gifted it to you on level 12 of the Dungeon)
 13495 | D:12     | Received a gift from Sif Muna
 13504 | D:12     | Found a viscous altar of Jiyva.
 14197 | D:13     | Noticed a centaur warrior
 14484 | D:13     | Killed a centaur warrior
 14848 | D:13     | Identified the cursed +2 flail of Vycrenaj {flame, rPois
                  | rC++}
 14851 | D:13     | Identified the +2 rapier "Daopn" {venom, rF+ rC++}
 15018 | D:13     | Found a white marble altar of Elyvilon.
 15228 | D:13     | Learned a level 6 spell: Iron Shot
 15458 | D:14     | Noticed a two-headed ogre
 15468 | D:14     | Killed a two-headed ogre
 15533 | D:14     | Noticed a seven-headed hydra
 15544 | D:14     | Killed a seven-headed hydra
 15702 | D:14     | Noticed a tengu warrior
 15717 | D:15     | Entered Level 15 of the Dungeon
 16075 | D:14     | Reached XP level 13. HP: 70/70 MP: 21/30
 16188 | D:14     | Received a gift from Sif Muna
 16233 | D:14     | Learned a level 9 spell: Fire Storm
 16361 | D:14     | Reached skill level 1 in Earth Magic
 16669 | Lair:1   | Entered Level 1 of the Lair of Beasts
 18227 | Lair:2   | Reached skill level 1 in Shields
 18851 | Lair:2   | Found a runed translucent door.
 18852 | Lair:2   | Noticed nikopol's ghost (journeyman DEFE)
 18854 | Lair:2   | Identified the +6 trident "Raolygho" {pain, Dex+3}
 19046 | Lair:3   | Found a staircase to the Swamp.
 19909 | Lair:4   | Found a staircase to the Snake Pit.
 20049 | Lair:4   | Identified Xehoxkuh's Handbook of Flying Malediction (Sif
                  | Muna gifted it to you on level 4 of the Lair of Beasts)
 20049 | Lair:4   | Received a gift from Sif Muna
 20290 | Lair:4   | You fall through a shaft for 2 floors!
 20290 | Lair:6   | Entered Level 6 of the Lair of Beasts
 20329 | Lair:6   | Reached XP level 14. HP: 42/76 MP: 32/32
 20333 | Lair:6   | Got a warped lapis lazuli ring
 20335 | Lair:6   | Identified the ring "Dyttia" {Fire rElec MR+++ Dex-2 SInv}
                  | (You found it on level 6 of the Lair of Beasts)
 21508 | Lair:6   | Found a viscous altar of Jiyva.
 21508 | Lair:6   | Found a staircase to the Slime Pits.
 21753 | Lair:6   | Found a burning altar of Makhleb.
 21760 | Lair:6   | Reached ****** piety under Sif Muna
 21760 | Lair:6   | Identified Sif Muna's Grimoire of Forking Paths (Sif Muna
                  | gifted it to you on level 6 of the Lair of Beasts)
 21760 | Lair:6   | Received a gift from Sif Muna
 22158 | Lair:6   | Reached skill level 5 in Earth Magic
 22294 | Lair:6   | Found a gateway to Hell.
 22303 | Lair:6   | Got a crude flail
 22333 | Lair:6   | Identified the +5 flail of Qazlal's Regard {pain, rF+} (You
                  | found it on level 6 of the Lair of Beasts)
 23411 | Lair:5   | Got a translucent cloak
 23422 | Lair:5   | Identified the +0 cloak of Meryuneu {rC+ rN+ Int+3 Dex-4}
                  | (You found it on level 5 of the Lair of Beasts)
 23738 | Lair:5   | Reached skill level 15 in Conjurations
 24327 | Lair:5   | Reached skill level 15 in Fire Magic
 24428 | Lair:4   | You fall through a shaft for 2 floors!
 24516 | Lair:4   | Reached XP level 15. HP: 80/80 MP: 32/34
 25078 | Orc:1    | Entered Level 1 of the Orcish Mines
 25260 | Orc:2    | Entered Level 2 of the Orcish Mines
 25273 | Orc:2    | Identified Sif Muna's Guide on Earth and Feathers (Sif Muna
                  | gifted it to you on level 2 of the Orcish Mines)
 25273 | Orc:2    | Received a gift from Sif Muna
 25280 | Orc:2    | Found a staircase to the Elven Halls.
 25360 | Orc:2    | Noticed Rupert
 25366 | Orc:2    | Killed Rupert
 25370 | Orc:2    | Noticed an orc warlord
 25460 | Orc:2    | Killed an orc warlord
 25483 | Orc:2    | Gained mutation: You are clumsy. (Dex -2) [potion of
                  | mutation]
 25483 | Orc:2    | Gained mutation: Your spells are a little harder to cast,
                  | but a little more powerful. [potion of mutation]
 25483 | Orc:2    | Gained mutation: You are dopey. (Int -2) [potion of
                  | mutation]
 25483 | Orc:2    | Gained mutation: Your spells are harder to cast, but more
                  | powerful. [potion of mutation]
 25496 | Orc:2    | HP: 4/80 [orc priest/divine providence (10)]
 25504 | Orc:1    | HP: 3/80 [poisoned by an orc warrior]
 25511 | Orc:1    | HP: 2/80 [poisoned by an orc warrior]
 25974 | Orc:1    | Found the +10 large shield of Ignorance {rN+ Int-4}
 25979 | Orc:1    | Found a runed translucent door.
 26173 | Orc:1    | Found a roughly hewn altar of Beogh.
 26329 | Orc:1    | Found a runed translucent door.
 27701 | Orc:2    | Reached skill level 1 in Armour
 27975 | Orc:2    | Reached skill level 5 in Shields
 28004 | Orc:2    | Found Qeepneisk's Weapon Shoppe.
 28007 | Orc:2    | Found Laitara's Magic Scroll Shoppe.
 28008 | Orc:2    | Found Ofobev's Assorted Antiques.
 28009 | Orc:2    | Found Naamury's Book Emporium.
 28012 | Orc:2    | Bought a scroll of teleportation for 69 gold pieces
 28013 | Orc:2    | Bought a scroll of blinking for 112 gold pieces
 28233 | Swamp:1  | Entered Level 1 of the Swamp
 28343 | Swamp:1  | Noticed a thorn hunter
 28347 | Swamp:1  | Killed a thorn hunter
 28474 | Swamp:1  | Identified Sif Muna's Compendium of Confrontation (Sif Muna
                  | gifted it to you on level 1 of the Swamp)
 28474 | Swamp:1  | Received a gift from Sif Muna
 28817 | Swamp:1  | Got a translucent long sword
 28819 | Swamp:1  | Identified the +10 long sword of the Rat {slice, rF++ rC+
                  | Str-3} (You found it on level 1 of the Swamp)
 29566 | Swamp:2  | Learned a level 3 spell: Regeneration
 29587 | Swamp:2  | Noticed Jorgrun
 29597 | Swamp:2  | Killed Jorgrun
 29597 | Swamp:2  | Reached XP level 16. HP: 44/84 MP: 2/36
 29931 | Swamp:2  | Noticed a thorn hunter
 29934 | Swamp:2  | Killed a thorn hunter
 30034 | Swamp:2  | Noticed a thorn hunter
 30037 | Swamp:2  | Killed a thorn hunter
 30552 | Swamp:3  | Noticed Louise
 30556 | Swamp:3  | Killed Louise
 30676 | Swamp:3  | Received a gift from Sif Muna
 30681 | Swamp:3  | Learned a level 2 spell: Blink
 31442 | Swamp:4  | Entered Level 4 of the Swamp
 32781 | Swamp:4  | Got a decaying rune of Zot
 33116 | D:14     | Reached skill level 15 in Spellcasting
 33603 | D:14     | Found a gate to the Vaults.
 34516 | D:15     | Identified Sif Muna's Disquisition on the Voyage (Sif Muna
                  | gifted it to you on level 15 of the Dungeon)
 34516 | D:15     | Received a gift from Sif Muna
 34723 | D:15     | Reached skill level 5 in Armour
 34723 | D:15     | Reached XP level 17. HP: 32/88 MP: 11/38
 35248 | D:15     | Found a staircase to the Depths.
 35696 | Depths:1 | Entered Level 1 of the Depths
 35718 | Depths:1 | Noticed Bai Suzhen
 35970 | Elf:1    | Entered Level 1 of the Elven Halls
 36025 | Elf:1    | Noticed Agnes
 36027 | Elf:1    | Killed Agnes
 36195 | Elf:1    | Noticed Donald
 36200 | Elf:1    | Killed Donald
 36658 | Elf:1    | Found Woforaor's Magic Scroll Boutique.
 36820 | Elf:1    | Identified Sif Muna's Papyrus of Envenoming and Arcane
                  | Weapons (Sif Muna gifted it to you on level 1 of the Elven
                  | Halls)
 36820 | Elf:1    | Received a gift from Sif Muna
 37188 | Elf:2    | Found a portal to a secret trove of treasure.
 37941 | Elf:2    | Found a runed translucent gate.
 37941 | Elf:2    | Found a runed translucent gate.
 37942 | Elf:2    | Found a runed translucent gate.
 38153 | Elf:3    | Entered Level 3 of the Elven Halls
 38176 | Elf:3    | Found a runed translucent gate.
 38183 | Elf:3    | Found a runed translucent gate.
 38183 | Elf:3    | Noticed bananaglory's ghost (adept MfSk)
 38183 | Elf:3    | Noticed Kenran's ghost (adept MiFi)
 38183 | Elf:3    | Noticed vishdafish's ghost (adept GnFi)
 38184 | Elf:3    | Found a runed translucent gate.
 38184 | Elf:3    | Noticed vladvlad's ghost (journeyman DrSu)
 38184 | Elf:3    | Noticed EtherCrawl's ghost (veteran GnEn)
 38553 | Elf:3    | Noticed a deep elf blademaster
 38558 | Elf:3    | Killed a deep elf blademaster
 38616 | Elf:3    | Noticed a deep elf master archer
 38633 | Elf:3    | Shot with an arrow by a deep elf master archer

Skill      XL: |  1  2  3  4  5  6  7  8  9 10 11 12 13 14 15 16 17 |
---------------+----------------------------------------------------+-----
Conjurations   | 2 3 4 5 7 8 10 11 13 14 15 16 17 18 | 18.7
Dodging        | 3 4 5 6 7 8 |  8.0
Fire Magic     | 4 5 7 8 10 11 12 13 15 16 17 18 | 18.6
Spellcasting   | 4 5 6 7 9 10 11 12 13 14 15 16 | 16.2
Invocations    | 1 3 4 6 7 8 9 |  9.0
Evocations     | 1 3 4 5 6 7 |  7.0
Fighting       | 2 3 4 |  4.0
Earth Magic    | 3 5 6 7 |  7.5
Shields        | 2 4 5 |  5.0
Armour         | 2 5 6 |  6.0
Stealth        | |  2.4

Action                   |  1- 3 |  4- 6 |  7- 9 | 10-12 | 13-15 | 16-18 || total
-------------------------+-------+-------+-------+-------+-------+-------++-------
Melee: Unarmed           |     1 |       |       |       |       |       ||     1
       Dagger            |       |     9 |       |       |       |       ||     9
       Dire flail        |       |       |    26 |       |       |       ||    26
       Falchion          |       |       |    50 |    81 |       |       ||   131
       Flail             |       |       |       |    88 |    65 |    29 ||   182
 Cast: Flame Tongue      |    67 |   118 |   192 |   162 |   101 |    24 ||   664
       Sticky Flame      |       |     4 |    34 |    83 |   121 |    16 ||   258
       Fireball          |       |       |       |   123 |   402 |   314 ||   839
       Iron Shot         |       |       |       |       |    20 |    29 ||    49
Invok: Channel Magic     |       |       |       |       |     1 |       ||     1
  Use: Scroll            |       |     6 |     5 |     2 |    11 |     7 ||    31
       Potion            |       |       |       |       |     2 |       ||     2
 Stab: Sleeping          |       |     1 |     5 |     1 |       |       ||     7
  Eat: Chunk             |     2 |     8 |    12 |    31 |    41 |    16 ||   110
       Ration            |       |     1 |     1 |     1 |     3 |     4 ||    10
Armor: Robe              |     5 |    11 |    21 |    49 |    17 |       ||   103
       Leather armour    |       |       |       |       |    39 |    35 ||    74
Dodge: Dodged            |    18 |    53 |   194 |   323 |   183 |    54 ||   825
Block: Buckler           |       |       |       |       |    51 |    17 ||    68
       Rpst.: Falchion   |       |       |    40 |    68 |       |       ||   108
